 Dungeon Crawl Stone Soup version 0.30.1-11-g7821555f0a (webtiles) character file.

Game seed: 3841626418247288524

48 eliilek the Covered (level 3, -1/33 HPs)
             Began as a Minotaur Fighter on Nov 9, 2023.
             Slain by an orc priest
             ... wielding a +2 mace of protection
              (4 damage)
             ... on level 2 of the Dungeon.
             The game lasted 00:01:39 (746 turns).

eliilek the Covered (Minotaur Fighter)               Turns: 746, Time: 00:01:40

Health: -1/33      AC:  7    Str: 22    XL:     3   Next: 50%
Magic:  2/2        EV:  9    Int:  5    God:
Gold:   37         SH:  4    Dex:  9    Spells: 2/2 levels left

rFire   . . .        a - +0 long sword
rCold   . . .        c - +0 buckler
rNeg    . . .        b - +0 scale mail
rPois   .            (helmet restricted)
rElec   .            (no cloak)
rCorr   .            (no gloves)
SInv    .            (no boots)
Will    .....        (no amulet) Stlth
                     (no ring)
HPRegen 0.25/turn    (no ring)
MPRegen 0.08/turn

%: no passive effects
@: no status effects
A: horns 2, retaliatory headbutt
a: no special abilities


You were on level 2 of the Dungeon.
You visited 1 branch of the dungeon, and saw 2 of its levels.

You collected 37 gold pieces.

Inventory:

Hand Weapons
 a - a +0 long sword (weapon)
Armour
 b - a +0 scale mail (worn)
 c - a +0 buckler (worn)
Scrolls
 e - a scroll of silence {unknown}
 f - a scroll of identify {unknown}
 h - 2 scrolls of fog {unknown}
 j - a scroll of teleportation {unknown}
 k - a scroll of fear {unknown}
Potions
 d - a potion of might
 g - a potion of degeneration {unknown}
 i - a potion of attraction {unknown}


   Skills:
 + Level 4.2 Fighting
 - Level 2.4 Long Blades
 * Level 4.6 Armour
 + Level 4.2 Shields


You had 2 spell levels left.
You didn't know any spells.
Your spell library was empty.

Dungeon Overview and Level Annotations

Branches:
Dungeon (2/15)

Altars:


Innate Abilities, Weirdness & Mutations

You have a pair of horns on your head.
You reflexively headbutt those who attack you in melee.


Message History

Things that are here:
a +0 club; an orc corpse
There is a stone staircase leading down here.
You start resting.
HP restored.
You climb downwards.
The orc hits you with a +0 hand axe. You block the orc's attack.
There is a stone staircase leading up, spattered with blood here.
You hit the orc. Your headbutt misses the orc.
The orc is heavily wounded.
The orc hits you but does no damage. The orc barely misses you.
The orc priest hits you with a +2 mace of protection.
The orc hits you with a +0 hand axe. The orc hits you with a +0 club.
You hit the orc but do no damage.
The orc is heavily wounded.
The orc closely misses you. You furiously retaliate!
You headbutt the orc!
You kill the orc!
The orc hits you with a +0 club.
The orc priest hits you with a +2 mace of protection.
You barely miss the orc.
The orc is heavily wounded.
The orc hits you with a +0 club.
The orc priest hits you but does no damage.
You hit the orc but do no damage.
The orc is heavily wounded.
The orc hits you but does no damage. You block the orc priest's attack.
You hit the orc.
You kill the orc!
The orc priest invokes the aid of Beogh against you.
Beogh smites you!
* * * LOW HITPOINT WARNING * * *
The orc priest hits you but does no damage.
The orc priest hits you with a +2 mace of protection.
* * * LOW HITPOINT WARNING * * *
Things that are here:
a +0 club; a +0 chain mail; an orc corpse You hit the orc priest.
The orc priest is moderately wounded.
The orc priest hits you with a +2 mace of protection.
You die...

#..## #. #..# .... (
##..# #..# #
#.###.#.# #..#
#....#.# ######..##
###.#.#.# .........
...#.#.# ........#
###.#.#.### #o.#
#..........
#<@######.#.#......
#).................
##.....##..####.###
#............... ..#
#.########...####...#
.. #...# #.#. ##
#...# .## #...# #...#


You could see an orc priest.

Vanquished Creatures
  An adder (D:2)
  2 dart slugs (D:1)
  3 orcs
  2 bats (D:1)
  3 endoplasms
  2 giant cockroaches (D:1)
  2 goblins (D:1)
  2 hobgoblins
  2 jackals (D:1)
  3 kobolds (D:1)
  A quokka (D:1)
  A ball python (D:1)
  2 frilled lizards
  4 rats
30 creatures vanquished.

Notes
Turn   | Place    | Note
-------+----------+-------------------------------------------
     0 | D:1      | eliilek the Minotaur Fighter began the quest for the Orb.
     0 | D:1      | Reached XP level 1. HP: 19/19 MP: 0/0
    93 | D:1      | Reached XP level 2. HP: 27/27 MP: 1/1
   591 | D:2      | Reached XP level 3. HP: 33/33 MP: 2/2
   746 | D:2      | Slain by an orc priest

Illustrated notes

Levels and vault maps discovered:
D:1:      lightli_arrival_noodles, layout_basic
D:2:      layout_loops_ring

Skill      XL: |  1  2 |
---------------+-------+-----
Armour         | 4 |  4.6
Fighting       | 4 |  4.2
Shields        | 4 |  4.2
Long Blades    | |  2.4

Action                     || total
---------------------------++-------
  Melee: Long sword        ||    90
         Headbutt          ||     4
 Armour: Scale mail        ||    42
  Dodge: Dodged            ||    51
  Block: Buckler           ||    18
